 Dungeon Crawl Stone Soup version 0.27.0-1-g7a089689b8 (webtiles) character file.

Game seed: 8937202474555609901

343 horus123 the Slasher (level 6, -1/50 HPs)
             Began as a Human Chaos Knight on Aug 2, 2021.
             Was a Plaything of Xom.
             Slain by an orc priest (5 damage)
             ... on level 4 of the Dungeon.
             The game lasted 00:09:03 (2409 turns).

horus123 the Slasher (Human Chaos Knight)           Turns: 2409, Time: 00:09:04

Health: -1/50      AC:  7    Str: 14    XL:     6   Next: 88%
Magic:  6/6        EV:  8    Int: 12    God:    Xom [..*...]
Gold:   144        SH:  7    Dex: 13    Spells: 5/5 levels left

rFire    + . .     SeeInvis .   a - +0 falchion (chaos)
rCold    . . .     Faith    .   i - +0 kite shield
rNeg     . . .     Spirit   .   b - +2 leather armour
rPois    .         Reflect  .   (no helmet)
rElec    .         Harm     .   g - +1 cloak
rCorr    .         Rampage  .   (no gloves)
Will     .....                  (no boots)
Stlth    ++........             (no amulet)
HPRegen  0.16/turn              k - ring of protection from fire
MPRegen  0.10/turn              (no ring)

@: no status effects
A: no striking features
a: Renounce Religion


You were on level 4 of the Dungeon.
You worshipped Xom.
You were a toy of Xom.
You visited 1 branch of the dungeon, and saw 4 of its levels.

You collected 144 gold pieces.

Inventory:

Hand Weapons
 a - a +0 falchion of chaos (weapon)
Armour
 b - a +2 leather armour (worn)
 d - a scarf of invisibility
 g - a +1 cloak (worn)
 i - a +0 kite shield (worn)
Jewellery
 k - a ring of protection from fire (left hand)
Scrolls
 j - 2 scrolls of teleportation
 l - a scroll of enchant weapon {unknown}
 m - a scroll of amnesia
Potions
 c - 2 potions of curing {unknown}
 e - a potion of cancellation {unknown}
 f - a potion of degeneration {unknown}
 h - a potion of attraction {unknown}


   Skills:
 + Level 4.8 Fighting
 + Level 5.1 Long Blades
 + Level 2.6 Armour
 + Level 1.5 Dodging
 + Level 2.1 Stealth


You had 5 spell levels left.
You didn't know any spells.
Your spell library contained the following spells:

 Spells                   Type           Power      Damage    Failure   Level
 Freeze                   Ice            0%         1d3       96%         1
 Frozen Ramparts          Ice            0%         1d2       100%        3
 Hailstorm                Conj/Ice       0%         3d3       100%        4


Dungeon Overview and Level Annotations

Branches:
Dungeon (4/15)             Temple (0/1) D:4

Altars:
Ashenzari
Ru
Wu Jian


Message History

The orc priest is moderately wounded.
The orc priest casts a cantrip, but nothing happens.
The orc hits you with a +0 hand axe.
The orc priest hits you with a +0 dagger.
The orc priest looks encouraged for a moment.
You hit the orc priest.
The orc priest is poisoned.
The orc priest is heavily wounded.
The orc barely misses you.
The orc priest hits you but does no damage.
The orc hits you but does no damage.
You hit the orc priest. You burn the orc priest.
The orc priest is severely wounded.
You block the orc priest's attack. The orc barely misses you.
The orc priest mumbles some strange prayers to Beogh against you.
Pain shoots through your body!
* * * LOW HITPOINT WARNING * * *
The orc priest calls upon Beogh to heal the orc priest.
The orc priest is healed somewhat.
You closely miss the orc priest.
The orc priest is heavily wounded.
The orc hits you with a +0 hand axe.
* * * LOW HITPOINT WARNING * * *
You block the orc priest's attack.
You hit the orc. You burn the orc.
The orc is almost dead.
The orc hits you with a +0 hand axe.
* * * LOW HITPOINT WARNING * * *
You block the orc's attack.
You closely miss the orc.
The orc is almost dead.
You hear the slow rusting of a drain nearby.
The orc priest hits you but does no damage.
The orc hits you with a +0 hand axe.
* * * LOW HITPOINT WARNING * * *
The orc priest hits you but does no damage.
You hit the orc. You freeze the orc.
You kill the orc!
The orc priest hits you with a +0 dagger.
You die...
Xom is highly amused!

....# #..## #
....###.... ## #.
#...#...# .## #..
#.....# ...###
#..#####.>.#####......
#.....#.....#.........
#....#...#...#).......
#....o.)###....#######
#####..#@#.#..##
##..o#...## ##..#..##
#....## .. .
##....#####......
##.............<
##....###......
#.>....#.......
#....#.#.......


You could see 2 orc priests.

Vanquished Creatures
  A moth of wrath (shapeshifter) (D:1)
  An adder (D:3)
  An adder skeleton (D:4)
  A worm (D:2)
  3 orcs
  7 ball pythons
  7 endoplasms
  2 giant cockroaches (D:1)
  3 goblins (D:1)
  7 hobgoblins
  9 jackals
  A quokka (D:1)
  5 bats
  3 kobolds
  3 rats
  A spectral goblin (D:1)
55 creatures vanquished.

Notes
Turn   | Place    | Note
-------+----------+-------------------------------------------
     0 | D:1      | horus123 the Human Chaos Knight began the quest for the
                  | Orb.
     0 | D:1      | Reached XP level 1. HP: 18/18 MP: 1/1
    61 | D:1      | XOM: divination: detect creatures
   150 | D:1      | XOM: silly message
   164 | D:1      | Reached XP level 2. HP: 15/24 MP: 2/2
   338 | D:1      | Found a faded altar of an unknown god.
   511 | D:1      | Noticed a glowing shapeshifter
   511 | D:1      | a giant cockroach changed into a glowing shapeshifter
   511 | D:1      | Noticed a torpor snail
   511 | D:1      | a glowing shapeshifter changed into a torpor snail
   513 | D:1      | Noticed a faun
   513 | D:1      | a torpor snail changed into a faun
   514 | D:1      | Noticed a shock serpent
   514 | D:1      | a faun changed into a shock serpent
   517 | D:1      | Noticed an elephant
   517 | D:1      | a shock serpent changed into an elephant
   519 | D:1      | XOM: blink monster(s)
   519 | D:1      | Noticed a redback
   519 | D:1      | an elephant changed into a redback
   520 | D:1      | XOM: divination: detect creatures
   521 | D:1      | Noticed a merfolk
   521 | D:1      | a redback changed into a merfolk
   522 | D:1      | XOM: summons 2 friendly demons
   522 | D:1      | Noticed a snapping turtle
   522 | D:1      | a merfolk changed into a snapping turtle
   523 | D:1      | Noticed a deep troll
   523 | D:1      | a snapping turtle changed into a deep troll
   524 | D:1      | Noticed a glowing orange brain
   525 | D:1      | Noticed a moth of wrath
   525 | D:1      | a glowing orange brain changed into a moth of wrath
   529 | D:1      | Killed a moth of wrath
   530 | D:1      | Reached skill level 4 in Long Blades
   530 | D:1      | Reached skill level 1 in Stealth
   530 | D:1      | Reached XP level 3. HP: 26/31 MP: 3/3
   530 | D:1      | Reached XP level 4. HP: 32/38 MP: 4/4
   530 | D:1      | Reached XP level 5. HP: 36/43 MP: 5/5
   530 | D:1      | Reached XP level 6. HP: 41/49 MP: 6/6
  1200 | D:2      | XOM: noise
  1226 | D:2      | Reached skill level 5 in Long Blades
  1367 | D:2      | XOM: 4-stop teleportation journey
  1642 | D:2      | XOM: cloud trail
  1682 | D:3      | Found a broken altar of Ashenzari.
  1691 | D:3      | XOM: silly message
  1913 | D:3      | Found an ornate altar of the Wu Jian Council.
  1982 | D:3      | XOM: god gift: 28 sling bullets
  2022 | D:3      | XOM: noise
  2201 | D:3      | Found a sacrificial altar of Ru.
  2349 | D:4      | Found a staircase to the Ecumenical Temple.
  2409 | D:4      | Slain by an orc priest

Illustrated notes

Levels and vault maps discovered:
D:1:      wander_arrival_estate, layout_basic,
          dreamdust_ecumenical_altar_drowned_temple
D:2:      layout_rooms
D:3:      layout_rooms, pdpol_wu_jian_five_deadly_venoms,
          nicolae_ru_the_path_less_chosen, evilmike_ruin_ashenzari
D:4:      minmay_razor_zed, layout_rooms, minmay_temple_entry_arrows,
          portal_sewer_entry_b, uniq_robin

Skill      XL: |  1  2  3  4  5  6 |
---------------+-------------------+-----
Fighting       | 4 |  4.8
Long Blades    | 4 5 |  5.1
Stealth        | 1 2 |  2.1
Armour         | |  2.6
Dodging        | |  1.5

Action                   |  1- 3 |  4- 6 || total
-------------------------+-------+-------++-------
Melee: Falchion          |    38 |   112 ||   150
  Use: Scroll            |       |     3 ||     3
 Stab: Paralysed         |     2 |     2 ||     4
       Sleeping          |     1 |     2 ||     3
       Petrifying        |     1 |       ||     1
Armor: Leather armour    |    10 |    58 ||    68
Dodge: Dodged            |    14 |    71 ||    85
Block: Kite shield       |       |    17 ||    17
       Rpst.: Falchion   |     7 |    27 ||    34
